 Dungeon Sprint DCSS version 0.30.0-29-ga12c61a403 (webtiles) character file.

Game seed: 3204150464656287716

10291 Revguard the Messiah (level 11, -14/107 HPs)
             Began as a Hill Orc Fighter on June 19, 2023.
             Was the Champion of Beogh.
             Killed from afar by a fire giant (22 damage)
             ... with a fireball
             ... in the Dungeon (Sprint V: "Ziggurat Sprint").
             The game lasted 00:11:11 (681 turns).

Revguard the Messiah (Hill Orc Fighter)              Turns: 681, Time: 00:11:12

Health: -14/107    AC: 35    Str: 33    XL:     11   Next: 59%
Magic:  30/30      EV:  8    Int:  6    God:    Beogh [******]
Gold:   0          SH: 31    Dex: 19    Spells: 10/10 levels left

rFire   + . .        G - +16 obsidian axe {drain, demonic, Mesm Drain Fly SInv}
rCold   + . .        I - +18 shield of the Gong {Loud rN+ Will+ rCorr EV-5}
rNeg    + . .        H - +15 Maxwell's patent armour {-Cast -Tele rElec Will+ rCorr}
rPois   +            c - +2 helmet {SInv}
rElec   +            (no cloak)
rCorr   +            v - +0 pair of gloves {Dex+3}
SInv    +            (no boots)
Will    ++...        P - amulet of Gofeej {Regen+ rCorr Str+3 Dex+2 Stlth-}
Stlth   x              - +6 ring of strength
HPRegen 1.17/turn    s - ring "Raramn" {rPois MP+9 Str+2 Int-2 Dex+2}
MPRegen 0.22/turn

%: no teleportation, no spellcasting
@: resistant, weakened, flying, mesmerised
A: walk on water
a: Renounce Religion, Smiting, Recall Orcish Followers, Give Item to Named
Follower, Resurrection


You were in the Dungeon.
You worshipped Beogh.
Beogh was exalted by your worship.
You visited 1 branch

Inventory:

Hand Weapons
 a - a +6 dire flail of protection
 w - the +10 war axe of War {freeze, rElec rPois Int-5}
   (You found it in the Dungeon)

   Int:       It affects your intelligence (-5).
   rElec:     It insulates you from electricity.
   rPois:     It protects you from poison.
 F - the +27 heavy crossbow "Sniper" {heavy, Acc+∞ SInv}
   (You found it in the Dungeon)

   Acc+∞: It never misses its target.
   SInv:      It lets you see invisible.
 G - the +16 obsidian axe (weapon) {drain, demonic, Mesm Drain Fly SInv}
   (You found it in the Dungeon)

   Mesm:      Its wielder is mesmerised by any visible foes, and it cannot be
   unequipped while any foes are visible.
   SInv:      It lets you see invisible.
   Fly:       It grants you flight.
   Drain:     It drains your maximum health when unequipped.
 J - the +11 Singing Sword {sonic wave}
   (You found it in the Dungeon)
 K - the +8 lance "Wyrmbane" {slay drac, rPois rF+ rC+ AC+3}
   (You found it in the Dungeon)

   AC:        It affects your AC (+3).
   rF:        It protects you from fire.
   rC:        It protects you from cold.
   rPois:     It protects you from poison.
 L - the +13 scythe of Curses {drain, curses, Drain}
   (You found it in the Dungeon)

   Drain:     It drains your maximum health when unequipped.
 M - the +8 storm bow {elec, penet}
   (You found it in the Dungeon)
 R - the +6 trident "Zidu" {flame, Will+ Str+3 Int+4 Dex-5}
   (You found it in the Dungeon)

   Str:       It affects your strength (+3).
   Int:       It affects your intelligence (+4).
   Dex:       It affects your dexterity (-5).
   Will:      It increases your willpower.
Armour
 b - +5 gold dragon scales
 c - a +2 helmet of see invisible (worn)
 v - a +0 pair of gloves of dexterity (worn)
 D - a +5 crystal plate armour
 H - the +15 Maxwell's patent armour (worn) {-Cast -Tele rElec Will+ rCorr}
   (You found it in the Dungeon)

   rElec:     It insulates you from electricity.
   -Cast:     It prevents spellcasting.
   -Tele:     It prevents most forms of teleportation.
   rCorr:     It protects you from acid and corrosion.
   Will:      It increases your willpower.
 I - the +18 shield of the Gong (worn) {Loud rN+ Will+ rCorr EV-5}
   (You found it in the Dungeon)

   Loud:      It is deafeningly noisy when blocking attacks.
   EV:        It affects your evasion (-5).
   rN:        It protects you from negative energy.
   rCorr:     It protects you from acid and corrosion.
   Will:      It increases your willpower.
 O - the +0 scale mail of Watchfulness {rPois rC+ Dex+2 Slay+3}
   (You found it in the Dungeon)

   Dex:       It affects your dexterity (+2).
   Slay:      It affects your accuracy & damage with ranged weapons and melee
   (+3).
   rC:        It protects you from cold.
   rPois:     It protects you from poison.
Jewellery
 s - the ring "Raramn" (right hand) {rPois MP+9 Str+2 Int-2 Dex+2}
   (You found it in the Dungeon)

   [ring of magical power]

   Str:       It affects your strength (+2).
   Int:       It affects your intelligence (-2).
   Dex:       It affects your dexterity (+2).
   rPois:     It protects you from poison.
   MP:        It affects your magic capacity (+9).
 t - a +6 ring of dexterity
 x - a +6 ring of strength (left hand)
 y - a ring of ice
 P - the amulet of Gofeej (around neck) {Regen+ rCorr Str+3 Dex+2 Stlth-}
   (You found it in the Dungeon)

   [amulet of regeneration]

   Str:       It affects your strength (+3).
   Dex:       It affects your dexterity (+2).
   Regen:     It increases your rate of health regeneration.
   rCorr:     It protects you from acid and corrosion.
   Stlth:     It makes you less stealthy.
Wands
 A - a wand of mindburst (13)
 B - a wand of iceblast (19)
 C - a wand of quicksilver (15)
 E - a wand of paralysis (7)
 Q - a wand of polymorph (5)
Scrolls
 j - 4 scrolls of blinking
 n - 8 scrolls of enchant weapon
 o - 4 scrolls of amnesia
 p - 7 scrolls of fog
 q - 5 scrolls of identify
 r - 2 scrolls of fear
Potions
 d - 6 potions of might
 e - 10 potions of curing
 f - 7 potions of heal wounds
 g - 6 potions of haste
 h - 7 potions of magic
 i - 3 potions of berserk rage
 k - 2 potions of brilliance
 l - 2 potions of invisibility
 m - 3 potions of resistance


   Skills:
 + Level 13.4 Fighting
 + Level 14.3 Axes
 + Level 12.3 Armour
 + Level 9.2 Dodging
 + Level 12.4 Shields
 + Level 14.4 Invocations
 + Level 10.8 Evocations


You had 10 spell levels left.
You didn't know any spells.
Your spell library contained the following spells:

 Spells                   Type           Power      Damage    Failure   Level
 Necrotise                Necr           0%         1d4       98%         1
 Cigotuvi's Dreadful Rot  Necr/Pois/Air  0%         N/A       99%         2
 Passwall                 Tmut/Erth      0%         N/A       99%         2
 Call Canine Familiar     Summ           0%         N/A       100%        3
 Portal Projectile        Hex/Tloc       0%         N/A       100%        3
 Vampiric Draining        Necr           0%         2d6       100%        3
 Leda's Liquefaction      Hex/Erth       0%         N/A       100%        4
 Petrify                  Tmut/Erth      0%         N/A       100%        4
 Agony                    Necr           0%         N/A       100%        5
 Alistair's Intoxication  Tmut/Pois      0%         N/A       100%        5
 Statue Form              Tmut/Erth      0%         N/A       100%        6


Dungeon Overview and Level Annotations

Branches:
Dungeon (1/1)

Altars:
Ashenzari
Cheibriados
Dithmenos
Elyvilon
Fedhas
Gozag
Hepliaklqana
Kikubaaqudgha
Makhleb
Nemelex Xobeh
Okawaru
Qazlal
Ru
Sif Muna
Trog
Uskayaw
Vehumet
Wu Jian
Xom
Yredelemnul
Zin
The Shining One
Beogh
Jiyva
Lugonu


Message History

The hellion gestures at you.
The sphere of damnation explodes!
The damnation engulfs you!!
* * * LOW HITPOINT WARNING * * *
The hellion gestures at you.
The sphere of damnation explodes!
The damnation engulfs you!!
* * * LOW HITPOINT WARNING * * *
You feel much better.
The fire giant completely misses your sixfirhy.
The fire giant gestures at you while chanting.
The fireball explodes!
The fireball engulfs you. You resist.
* * * LOW HITPOINT WARNING * * *
The fireball engulfs the hell hog.
The hell hog completely resists.
The fire giant points at you and mumbles some strange words.
The bolt of fire hits the hell hog.
The hell hog completely resists.
The bolt of fire hits you! You resist.
* * * LOW HITPOINT WARNING * * *
The hell hog closely misses your sixfirhy.
The balrug barely misses your sixfirhy.
The hell hog bites you but does no damage.
You feel much better.
Your sixfirhy hits the hell hog!
Your sixfirhy shocks the hell hog!
Your sixfirhy hits the hell hog!
Your sixfirhy shocks the hell hog!
The hell hog dies!
Beogh accepts your kill.
Your sixfirhy hits the fire giant but does no damage.
The hell hog breathes fire at you.
The fireball explodes!
The fireball engulfs you! You resist.
* * * LOW HITPOINT WARNING * * *
The fireball engulfs the hell hog.
The hell hog completely resists.
The fire giant points at you and mumbles some strange words.
The bolt of fire hits your sixfirhy!!
Your sixfirhy dies!
Your sixfirhy disappears in a puff of smoke!
The bolt of fire hits the fire giant.
The fire giant resists.
The bolt of fire hits the hell hog.
The hell hog completely resists.
The bolt of fire hits you! You resist.
* * * LOW HITPOINT WARNING * * *
The fire giant points at you and mumbles some strange words.
The fireball explodes!
The fireball engulfs you!! You resist.
You die...

▓....©....▓
▓..[:[)|//..▓▓▓▓▓▓▓▓▓▓▓
▓...:)?"[...▓...8©8...▓
▓.....2.....▓..)[|.=..▓
▓..2h†C2N...▓...=[....▓
▓...h.§..C..▓.........▓
▓.....C.....▓......=..▓
▓.....h.....▓.........▓
▓.....@.....▓...†.....▓
▓...........▓.▓.....▓.▓
▓.....©.....▓....©....▓
▓▓▓▓▓▓▓▓▓▓▓▓▓▓▓▓▓▓▓▓▓▓▓
▓...8©8...▓...8©8...▓..
▓...).|[|.▓..))[|)..▓..
▓..).).[..▓..[.|....▓..
▓.........▓......4..▓..
▓.........▓.........▓..


You could see 3 fire giants, a balrug, a salamander tyrant, 3 hell hogs and 2
hellions.

Vanquished Creatures
  A skyshark (D)
  2 pharaoh ants (D)
  A wolf spider (D)
  A moth of wrath (D)
  A black mamba (D)
  A naga mage (D)
  An elephant (D)
  A rime drake (D)
  2 ice devils (D)
  A wind drake (D)
  5 merfolk (D)
  A polar bear (D)
  A culicivora (D)
  2 redbacks (D)
  4 water moccasins (D)
  A centaur (D)
  A phantom (D)
  A bullfrog (D)
  A necrophage (D)
  A wight (D)
  A jelly (D)
  A mummy (D)
  3 adders (D)
  A shadow imp (D)
  2 white imps (D)
  2 adder simulacra (D)
  4 ball pythons (D)
  A quokka zombie (D)
45 creatures vanquished.

Vanquished Creatures (collateral kills)
  2 hell hogs (D)
  2 steelbarb worms (D)
  2 komodo dragons (D)
  A tarantella (D)
  A polar bear (D)
  An ushabti (D)
  A yak (D)
  A golden eye (D)
  A naga (D)
  A phantom (D)
  A wight (D)
  A crimson imp (D)
  3 quasits (D)
  A mummy (D)
  A white imp (D)
  2 adder zombies (D)
  An adder skeleton (D)
  A bat skeleton (D)
  3 endoplasms (D)
  A ball python skeleton (D)
  A jackal skeleton (D)
  A jackal zombie (D)
30 creatures vanquished.

Vanquished Creatures (others)
  A polar bear (D)
  A wind drake (D)
  2 orc priests (D)
4 creatures vanquished.

Grand Total: 79 creatures vanquished

Notes
Turn   | Place    | Note
-------+----------+-------------------------------------------
     0 | D        | Revguard the Hill Orc Fighter began the quest for the Orb.
     0 | D        | Reached XP level 1. HP: 19/19 MP: 1/1
     0 | D        | Found a shimmering blue altar of Sif Muna.
     0 | D        | Found a sacrificial altar of Ru.
     0 | D        | Found a bloodstained altar of Trog.
     0 | D        | Found a stormy altar of Qazlal.
     0 | D        | Found an iron altar of Okawaru.
     0 | D        | Found a sparkling altar of Nemelex Xobeh.
     0 | D        | Found a blossoming altar of Fedhas.
     0 | D        | Found the +6 Majin-Bo {spellvamp, MP+6 Int+6}
     0 | D        | Found the +27 heavy crossbow "Sniper" {heavy, Acc+∞ SInv}
     0 | D        | Found the +10 dark maul {heavy}
     0 | D        | Found the +15 Maxwell's patent armour {-Cast -Tele rElec
                  | Will+ rCorr}
     0 | D        | Found the +18 shield of the Gong {Loud rN+ Will+ rCorr
                  | EV-5}
     0 | D        | Found the +16 obsidian axe {drain, demonic, Mesm Drain Fly
                  | SInv}
     0 | D        | Found the +7 great mace "Firestarter" {flame, immolate,
                  | rFlCloud rF++}
     0 | D        | Found the +6 shillelagh "Devastator" {shatter}
     0 | D        | Found the +11 plutonium sword {Contam Stlth-}
     0 | D        | Found the +8 lance "Wyrmbane" {slay drac, rPois rF+ rC+
                  | AC+3}
     0 | D        | Found the +9 sword of Zonguldrok {reap}
     0 | D        | Found the +13 scythe of Curses {drain, curses, Drain}
     0 | D        | Found the +9 sword of Power {lifebolt}
     0 | D        | Found the +7 mace of Variability {chaos, chaos arc}
     0 | D        | Found the +11 Singing Sword {sonic wave}
     0 | D        | Found the +8 storm bow {elec, penet}
     2 | D        | Found a transporter.
     2 | D        | Found an ancient bone altar of Kikubaaqudgha.
     2 | D        | Found a viscous altar of Jiyva.
     2 | D        | Found a corrupted altar of Lugonu.
     2 | D        | Found a hazy altar of Hepliaklqana.
     2 | D        | Found a burning altar of Makhleb.
     2 | D        | Found an opulent altar of Gozag.
    68 | D        | Reached skill level 1 in Dodging
    68 | D        | Reached XP level 2. HP: 28/28 MP: 1/5
    82 | D        | Became a worshipper of Beogh the Brigand
    94 | D        | Entered arena 2.
    94 | D        | Noticed a merfolk
    94 | D        | Noticed a merfolk
    94 | D        | Found a transporter.
    99 | D        | Killed a merfolk
    99 | D        | Killed a merfolk
   100 | D        | Reached skill level 5 in Evocations
   100 | D        | Reached XP level 3. HP: 30/39 MP: 5/8
   100 | D        | Reached XP level 4. HP: 36/47 MP: 5/9
   100 | D        | Reached XP level 5. HP: 40/52 MP: 5/10
   100 | D        | Reached XP level 6. HP: 46/60 MP: 5/11
   146 | D        | Entered arena 3.
   146 | D        | Found a transporter.
   148 | D        | Reached * piety under Beogh
   150 | D        | Reached XP level 7. HP: 66/66 MP: 12/12
   162 | D        | Entered arena 4.
   162 | D        | Noticed an ushabti
   162 | D        | Found a transporter.
   165 | D        | Killed an ushabti
   166 | D        | Reached ** piety under Beogh
   188 | D        | Entered arena 5.
   188 | D        | Found a transporter.
   190 | D        | Reached *** piety under Beogh
   199 | D        | Entered arena 6.
   199 | D        | Noticed a golden eye
   199 | D        | Found a transporter.
   200 | D        | Killed a golden eye
   201 | D        | Reached skill level 5 in Dodging
   201 | D        | Reached **** piety under Beogh
   210 | D        | Entered arena 7.
   211 | D        | Found a transporter.
   212 | D        | Reached ***** piety under Beogh
   213 | D        | Reached XP level 8. HP: 75/75 MP: 14/14
   216 | D        | Gained Bolgrim as an ally
   325 | D        | Got the +10 war axe of War {freeze, rElec rPois Int-5}
   328 | D        | Entered arena 8.
   328 | D        | Noticed a merfolk
   328 | D        | Noticed a wind drake
   328 | D        | Noticed a merfolk
   328 | D        | Noticed a merfolk
   328 | D        | Noticed a wind drake
   330 | D        | Found a transporter.
   333 | D        | Your ally Bolgrim died
   333 | D        | Killed a wind drake
   334 | D        | Killed a wind drake
   336 | D        | Killed a merfolk
   336 | D        | Killed a merfolk
   336 | D        | Reached ****** piety under Beogh
   337 | D        | Reached skill level 10 in Axes
   337 | D        | Reached skill level 10 in Invocations
   337 | D        | Reached XP level 9. HP: 68/85 MP: 14/16
   338 | D        | Killed a merfolk
   386 | D        | Entered arena 9.
   386 | D        | Noticed a naga mage
   386 | D        | Noticed a black mamba
   388 | D        | Found a transporter.
   392 | D        | Killed a black mamba
   393 | D        | Reached skill level 10 in Fighting
   394 | D        | Killed a naga mage
   515 | D        | Entered arena 10.
   515 | D        | Noticed an ice devil
   515 | D        | Noticed a rime drake
   515 | D        | Noticed a polar bear
   515 | D        | Noticed an ice devil
   515 | D        | Noticed a polar bear
   517 | D        | Found a transporter.
   520 | D        | Killed a polar bear
   521 | D        | Reached skill level 10 in Shields
   521 | D        | Killed a polar bear
   522 | D        | Killed an ice devil
   522 | D        | Killed a rime drake
   523 | D        | Reached skill level 10 in Armour
   523 | D        | Reached XP level 10. HP: 85/95 MP: 18/18
   534 | D        | Got the +0 scale mail of Watchfulness {rPois rC+ Dex+2
                  | Slay+3}
   551 | D        | Entered arena 11.
   552 | D        | Found a transporter.
   567 | D        | Got the amulet of Gofeej {Regen+ rCorr Str+3 Dex+2 Stlth-}
   576 | D        | Got the Vellum of Venin and Sidekicks
   582 | D        | Got the +6 trident "Zidu" {flame, Will+ Str+3 Int+4 Dex-5}
   600 | D        | Entered arena 12.
   600 | D        | Noticed a steelbarb worm
   600 | D        | Noticed a steelbarb worm
   600 | D        | Noticed a pharaoh ant
   601 | D        | Noticed a wolf spider
   601 | D        | Noticed a moth of wrath
   601 | D        | Noticed a pharaoh ant
   602 | D        | Found a transporter.
   606 | D        | Killed a wolf spider
   606 | D        | Your ally Bolgrim died
   608 | D        | Killed a pharaoh ant
   609 | D        | Killed a steelbarb worm
   610 | D        | Killed a moth of wrath
   611 | D        | Killed a steelbarb worm
   612 | D        | Reached XP level 11. HP: 84/105 MP: 19/21
   612 | D        | Killed a pharaoh ant
   613 | D        | Reached skill level 10 in Evocations
   627 | D        | Got the ring "Raramn" {rPois MP+9 Str+2 Int-2 Dex+2}
   630 | D        | Got the ring of the Burgomaster {Wiz rPois Dex+3 Stlth+}
   643 | D        | Entered arena 13.
   644 | D        | Noticed a skyshark
   645 | D        | Found a transporter.
   649 | D        | Killed a skyshark
   658 | D        | Got the Atlas of the Nightingale
   675 | D        | Entered arena 14.
   676 | D        | Noticed a hell hog
   676 | D        | Noticed a hell hog
   676 | D        | Noticed a fire giant
   676 | D        | Noticed a hell hog
   676 | D        | Noticed a fire giant
   676 | D        | Noticed a fire giant
   676 | D        | Noticed a balrug
   677 | D        | Noticed a hell hog
   678 | D        | Noticed a hell hog
   678 | D        | Noticed a salamander tyrant
   678 | D        | Killed a hell hog
   679 | D        | HP: 4/107 [hellion/damnation (24)]
   681 | D        | Killed a hell hog
   681 | D        | Killed from afar by a fire giant

Illustrated notes

Levels and vault maps discovered:
D:        sprint_v [room_start, room_1, room_2, room_3, room_4, room_5, room_6,
          room_7, room_8, room_9, room_10, room_11, room_12, room_13, room_14,
          room_15, room_16, room_17, room_18, room_19, room_20, room_21,
          room_22, room_23, room_24, room_25, room_26, room_27]

Skill      XL: |  1  2  3  4  5  6  7  8  9 10 11 |
---------------+----------------------------------+-----
Fighting       | 4 7 8 9 11 12 13 | 13.4
Axes           | 4 7 9 10 11 13 14 | 14.3
Armour         | 4 6 7 8 10 11 12 | 12.3
Dodging        | 1 4 5 6 7 8 9 |  9.2
Shields        | 4 6 7 9 10 11 12 | 12.4
Invocations    | 4 7 9 10 11 13 14 | 14.4
Evocations     | 2 5 6 7 8 9 10 | 10.8

Action                     |  1- 3 |  4- 6 |  7- 9 | 10-12 || total
---------------------------+-------+-------+-------+-------++-------
  Melee: Broad axe         |     4 |     2 |    20 |    23 ||    49
 Invoke: Give Item to Name |       |       |     1 |       ||     1
         Resurrection      |       |       |     1 |       ||     1
  Evoke: Wand              |       |       |     3 |       ||     3
    Use: Potion            |     1 |       |       |     4 ||     5
   Stab: Distracted        |       |       |       |     1 ||     1
 Armour: Plate armour      |     1 |     1 |    11 |    21 ||    34
  Dodge: Dodged            |       |       |     1 |    10 ||    11
  Block: Kite shield       |     9 |     2 |    48 |    48 ||   107
         Reflection        |       |       |     1 |       ||     1
